 Dungeon Crawl Stone Soup version 0.23.2-33-g5129a83184 (webtiles) character file.

Game seed: 14394015604291901525

560 doot the Thaumaturge (level 7, -2/36 HPs)
             Began as a Deep Elf Wizard on July 1, 2019.
             Was a Follower of Vehumet.
             Killed by divine providence
             ... invoked by an orc priest
              (8 damage)
             ... on level 4 of the Dungeon.
             The game lasted 00:09:58 (4036 turns).

doot the Thaumaturge (Deep Elf Wizard)              Turns: 4036, Time: 00:09:59

Health: -2/36      AC:  2    Str:  4    XL:     7   Next: 9%
Magic:  14/20      EV: 13    Int: 25    God:    Vehumet [*.....]
Gold:   122        SH:  0    Dex: 13    Spells: 11/22 levels left

rFire    . . .     SeeInvis .   e - +2 dagger (venom)
rCold    . . .     Gourm    .   (no shield)
rNeg     . . .     Faith    .   a - +0 robe
rPois    .         Spirit   .   b - +0 hat
rElec    .         Reflect  .   (no cloak)
rCorr    .         Harm     .   (no gloves)
MR       .....                  (no boots)
Stlth    ++........             (no amulet)
HPRegen  0.12/turn              (no ring)
MPRegen  0.17/turn              (no ring)

@: lethally poisoned (-2 -> -5)
A: no striking features
a: Renounce Religion


You were on level 4 of the Dungeon.
You worshipped Vehumet.
Vehumet was aware of your devotion.
You were not hungry.

You visited 1 branch of the dungeon, and saw 4 of its levels.

You collected 122 gold pieces.

Inventory:

Hand Weapons
 e - a +2 dagger of venom (weapon)
 i - a +1 spear of venom
 n - a +0 dagger of protection
Missiles
 h - 5 throwing nets (quivered)
Armour
 a - a +0 robe (worn)
 b - a +0 hat (worn)
 j - a +0 helmet
Scrolls
 k - 3 scrolls of remove curse
 l - a scroll of noise {unknown}
 m - 3 scrolls of teleportation {unknown}
 o - 2 scrolls of identify {unknown}
 s - a scroll of enchant armour {unknown}
 u - a scroll of blinking {unknown}
Potions
 c - 2 potions of heal wounds {unknown}
 f - 2 potions of flight {unknown}
 g - 2 potions of resistance {unknown}
 q - a potion of mutation {unknown}
 r - a potion of cancellation {unknown}
 t - 2 potions of curing {unknown}
 v - a potion of magic {unknown}
 w - a potion of brilliance {unknown}
Comestibles
 d - 9 rations


   Skills:
 + Level 0.2 Fighting
 + Level 0.1 Short Blades
 + Level 3.0 Dodging
 + Level 3.6 Stealth
 + Level 8.3 Spellcasting
 + Level 4.5 Conjurations
 + Level 1.3 Summonings
 + Level 1.1 Translocations
 + Level 0.4 Air Magic
 + Level 1.1 Poison Magic


You had 11 spell levels left.
You knew the following spells:

 Your Spells              Type           Power        Failure   Level  Hunger
a - Magic Dart            Conj           ####         1%          1    None
b - Blink                 Tloc           N/A          5%          2    None
c - Call Imp              Summ           ###.....     4%          2    None
d - Conjure Flame         Conj/Fire      ###.....     7%          3    None
e - Mephitic Cloud        Conj/Pois/Air  ###.....     8%          3    None

Your spell library contained the following spells:

 Spells                   Type           Power        Failure   Level  Hunger
 Flame Tongue             Conj/Fire      ###..        2%          1    None
 Slow                     Hex            ##......     9%          2    None


Dungeon Overview and Level Annotations

Branches:
Dungeon (4/15)
 Temple: D:4-7

Altars:
Ashenzari
Cheibriados
Ru
Vehumet
Yredelemnul
The Shining One


Message History

Unknown command.
Okay, then.
Unknown command.
The worker ant twitches its antennae in your direction.
You feel sick. The worker ant bites you.
Found a bubbling green potion.
You barely miss the worker ant.
You feel sick. The worker ant barely misses you.
You hit the worker ant.
The worker ant is poisoned.
The worker ant is lightly wounded.
The worker ant barely misses you.
The orc priest calls down the wrath of Beogh upon you.
Beogh smites you!
Your white imp barely misses the worker ant.
You feel sick. The worker ant bites you!
* * * LOW HITPOINT WARNING * * *
The orc priest mumbles some strange prayers to Beogh against you.
Beogh smites you!
You die...

....###........{#.........
...............†).........
..............###...##)...
..........###...#.........
..........###.............
..###.....##°o#..o.....#..
..............###o....##
##...#..#.....o##...#... #
...##.#.....5.@......#.
._...#.#.a......##
#.#..###........# ....
...#........ .#..
....#...##.##
#.#.!......## # #.........
#.........#


You could see a worker ant, 2 orc priests, an orc and a friendly white imp.

Vanquished Creatures
  2 phantoms (D:4)
  A scorpion (D:4)
  An orc priest (D:3)
  2 worker ants (D:4)
  4 gnolls (D:2)
  10 adders
  2 oozes
  An adder skeleton (D:4)
  2 worms (D:2)
  A dart slug (D:2)
  3 leopard geckos
  9 orcs
  3 giant cockroaches
  6 hobgoblins
  A quokka (D:2)
  A ball python (D:1)
  11 bats
  2 frilled lizards
  14 goblins
  12 kobolds
  9 rats
97 creatures vanquished.

Vanquished Creatures (collateral kills)
  A crimson imp (D:3)
  2 orcs
  A goblin (D:3)
4 creatures vanquished.

Grand Total: 101 creatures vanquished

Notes
Turn   | Place    | Note
-------+----------+-------------------------------------------
     0 | D:1      | doot the Deep Elf Wizard began the quest for the Orb.
     0 | D:1      | Reached XP level 1. HP: 10/10 MP: 7/7
   191 | D:1      | Reached XP level 2. HP: 15/15 MP: 5/9
   195 | D:1      | Learned a level 2 spell: Blink
   199 | D:1      | Learned a level 2 spell: Call Imp
   205 | D:1      | Reached skill level 5 in Spellcasting
   519 | D:2      | Reached XP level 3. HP: 19/19 MP: 3/12
   671 | D:2      | Reached skill level 6 in Spellcasting
   758 | D:2      | Learned a level 3 spell: Conjure Flame
   762 | D:2      | Learned a level 3 spell: Mephitic Cloud
   776 | D:2      | Reached XP level 4. HP: 24/24 MP: 2/14
  1042 | D:2      | Found a snail-covered altar of Cheibriados.
  1178 | D:3      | Reached skill level 7 in Spellcasting
  1346 | D:4      | Reached XP level 5. HP: 28/28 MP: 7/16
  1515 | D:4      | Noticed a phantom
  1545 | D:4      | Killed a phantom
  1545 | D:4      | Reached XP level 6. HP: 32/32 MP: 7/18
  1680 | D:4      | Found a basalt altar of Yredelemnul.
  1680 | D:4      | Found a radiant altar of Vehumet.
  1689 | D:4      | Became a worshipper of Vehumet
  2015 | D:1      | Found a glowing golden altar of the Shining One.
  2710 | D:2      | Reached skill level 8 in Spellcasting
  2718 | D:2      | Found a shattered altar of Ashenzari.
  2998 | D:3      | Reached * piety under Vehumet
  2998 | D:3      | Offered knowledge of Flame Tongue by Vehumet.
  3619 | D:3      | Found a sacrificial altar of Ru.
  3730 | D:4      | Reached skill level 1 in Poison Magic
  3775 | D:4      | Reached XP level 7. HP: 32/36 MP: 7/20
  4028 | D:4      | Found a glowing golden altar of the Shining One.
  4036 | D:4      | Killed from afar by an orc priest

Skill      XL: |  1  2  3  4  5  6  7 |
---------------+----------------------+-----
Spellcasting   | 5 6 7 8 |  8.3
Conjurations   | 2 3 4 |  4.5
Poison Magic   | 1 |  1.1
Stealth        | 3 |  3.6
Dodging        | 3 |  3.0
Fighting       | |  0.2
Short Blades   | |  0.1
Summonings     | |  1.3
Translocations | |  1.1
Air Magic      | |  0.4

Action                   |  1- 3 |  4- 6 |  7- 9 || total
-------------------------+-------+-------+-------++-------
Melee: Dagger            |       |    22 |     8 ||    30
 Cast: Magic Dart        |    51 |   148 |    16 ||   215
       Conjure Flame     |     2 |     3 |       ||     5
       Mephitic Cloud    |     1 |     3 |     1 ||     5
       Call Imp          |       |     1 |     3 ||     4
  Use: Scroll            |       |     2 |       ||     2
  Eat: Chunk             |       |     9 |       ||     9
Armor: Robe              |     1 |     6 |     1 ||     8
Dodge: Dodged            |    13 |    27 |    10 ||    50
